 Dungeon Crawl Stone Soup version 0.22.1-2-g9c5b331383 (webtiles) character file.

434 Gargoyl the Skirmisher (level 6, -2/46 HPs)
             Began as a Centaur Abyssal Knight on Dec 1, 2018.
             Was a Believer of Lugonu.
             Slain by Menkaure (4 damage)
             ... on level 5 of the Dungeon.
             The game lasted 00:07:34 (4329 turns).

Gargoyl the Skirmisher (Centaur Abyssal Knight)     Turns: 4329, Time: 00:07:34

Health: -2/46      AC:  9    Str: 15    XL:     6   Next: 67%
Magic:  8/8        EV:  7    Int: 11    God:    Lugonu [**....]
Gold:   208        SH:  4    Dex: 12    Spells: 5/5 levels left

rFire    + . .     SeeInvis .   a - +1 hand axe
rCold    . . .     Gourm    .   g - +1 buckler
rNeg     + . .     Faith    .   s - +0 scale mail "Xooloh" {rElec} (curse)
rPois    .         Spirit   .   (no helmet)
rElec    +         Reflect  .   (no cloak)
rCorr    .         Harm     .   o - +2 pair of gloves
MR       +....                  (no barding)
Stlth    ..........             (no amulet)
HPRegen  0.15/turn              d - ring of protection from magic
MPRegen  0.11/turn              p - ring of positive energy

@: very quick
A: large, hooves 3, agile 1, deformed body, fire resistance 1, speed 2, frail 1,
sense surroundings 1, tough skin 3, evolution 1
a: Depart the Abyss, Bend Space, Renounce Religion


You were on level 5 of the Dungeon.
You worshipped Lugonu.
Lugonu was pleased with you.
You were not hungry.

You visited 1 branch of the dungeon, and saw 5 of its levels.
You visited the Abyss 1 time.

You collected 208 gold pieces.

Inventory:

Hand Weapons
 a - a +1 hand axe (weapon)
Missiles
 k - 5 javelins (quivered)
Armour
 g - a +1 buckler (worn)
 o - a +2 pair of gloves (worn)
 s - the cursed +0 scale mail "Xooloh" (worn) {rElec}
   (You found it on level 4 of the Dungeon)

   It insulates you from electricity.
   It has a curse placed upon it.
Jewellery
 d - a ring of protection from magic (left hand)
 p - a ring of positive energy (right hand)
Scrolls
 b - 5 scrolls of remove curse
 f - 8 scrolls of identify
 m - 2 scrolls of magic mapping
 q - a scroll of amnesia {unknown}
Potions
 e - a potion of ambrosia {unknown}
 h - 3 potions of curing
 i - a potion of might {unknown}
 j - a potion of flight
 n - 2 potions of haste {unknown}
 r - 3 potions of lignification {unknown}
Comestibles
 c - 12 rations


   Skills:
 + Level 4.0 Fighting
 + Level 3.6 Axes
 * Level 3.1 Armour
 + Level 1.4 Dodging
 * Level 3.7 Invocations


You had 5 spell levels left.
You didn't know any spells.
Your spell library was empty.

Dungeon Overview and Level Annotations

Branches:
Dungeon (5/15)             Temple (0/1) D:4

Altars:
Sif Muna

Shops:
D:4 (

Annotations:
D:5 Menkaure


Innate Abilities, Weirdness & Mutations

You have hooves in place of feet.
Armour fits poorly on your strangely shaped body.
You cover ground very quickly.
You have extremely tough skin. (AC +3)
You are agile. (Dex +2)
Your flesh is heat resistant. (rF+)
You are frail. (-10% HP)
You passively map a small area around you.
You evolve.


Message History

Menkaure, Prince of Dust comes into view.
Menkaure shouts!
Found a stone staircase leading down.
Menkaure casts a spell.
Menkaure seems to speed up.
You hit Menkaure. You kick Menkaure, but do no damage.
Menkaure is lightly damaged.
Menkaure hits you!
You hit Menkaure. You kick Menkaure, but do no damage.
Menkaure is lightly damaged.
Menkaure blazes with dark energy!
Menkaure hits you!
You hit Menkaure. You kick Menkaure.
Menkaure is moderately damaged.
You block Menkaure's attack. Menkaure hits you!
* * * LOW HITPOINT WARNING * * *
You hit Menkaure but do no damage.
Menkaure is moderately damaged.
Menkaure hits you.
You die...

* , #...# * * ####...## ,
....... , * * * .....##*
** *## , , ,.....,,
..#...# * , , *#...# *
#.....# * #..M#
####.....### * *##.@.#
#..........# , ,
..###..#### #..........#
#.........(###..........#
>.###..###..............#
, #.# #####..........# ,,
* #.* #......<...# * #.*
#....<.....# # *
#...>......# * *
#..........#


You could see Menkaure.

Vanquished Creatures
  Grinder (D:5)
  An orc priest (D:2)
  A hound (D:3)
  A worker ant (D:4)
  An orc wizard (D:3)
  2 adders
  An ooze (D:3)
  3 worms (D:2)
  A dart slug (D:2)
  3 leopard geckos
  12 orcs
  A ball python (D:3)
  7 bats
  4 giant cockroaches
  5 goblins
  9 hobgoblins
  4 jackals
  3 kobolds
  7 frilled lizards
  8 rats
75 creatures vanquished.

Notes
Turn   | Place    | Note
-------+----------+-------------------------------------------
     0 | Abyss:1  | Gargoyl the Centaur Abyssal Knight began the quest for the
                  | Orb.
     0 | Abyss:1  | Reached XP level 1. HP: 19/19 MP: 2/2
    82 | Abyss:2  | Noticed a neqoxec
    97 | Abyss:2  | Noticed a starcursed mass
    98 | D:1      | Escaped the Abyss
   557 | D:1      | Reached XP level 2. HP: 26/26 MP: 3/3
   856 | D:1      | Reached * piety under Lugonu
  1430 | D:2      | Reached XP level 3. HP: 31/31 MP: 4/4
  2151 | D:3      | Reached XP level 4. HP: 32/38 MP: 5/5
  2260 | D:3      | Reached ** piety under Lugonu
  2449 | D:3      | Reached skill level 1 in Dodging
  2609 | D:3      | Found a deep blue altar of Sif Muna.
  2707 | D:3      | Gained mutation: You passively map a small area around you.
                  | [potion of mutation]
  2707 | D:3      | Gained mutation: You are frail. (-10% HP) [potion of
                  | mutation]
  2707 | D:3      | Gained mutation: You evolve. [potion of mutation]
  2707 | D:3      | Gained mutation: You are agile. (Dex +2) [potion of
                  | mutation]
  2722 | D:2      | Gained mutation: Your flesh is heat resistant. (rF+)
                  | [evolution]
  2938 | D:2      | Reached XP level 5. HP: 41/41 MP: 7/7
  3554 | D:4      | Found a staircase to the Ecumenical Temple.
  3881 | D:4      | Found Zoturizuav's Weapon Boutique.
  4050 | D:4      | Got a heavily runed scale mail
  4064 | D:4      | Identified the cursed +0 scale mail "Xooloh" {rElec} (You
                  | found it on level 4 of the Dungeon)
  4267 | D:5      | Entered Level 5 of the Dungeon
  4267 | D:5      | Noticed Grinder
  4275 | D:5      | Killed Grinder
  4275 | D:5      | Reached skill level 4 in Fighting
  4275 | D:5      | Reached XP level 6. HP: 40/46 MP: 8/8
  4324 | D:5      | Noticed Menkaure
  4328 | D:5      | HP: 2/46 [Menkaure (17)]
  4329 | D:5      | Slain by Menkaure

Skill      XL: |  1  2  3  4  5 |
---------------+----------------+-----
Axes           | 2 3 |  3.6
Armour         | 2 3 |  3.1
Dodging        | 1 |  1.4
Invocations    | 3 |  3.7
Fighting       | 4 |  4.0

Action                   |  1- 3 |  4- 6 || total
-------------------------+-------+-------++-------
Melee: Hand axe          |    98 |   137 ||   235
       Kick              |    17 |    32 ||    49
Invok: Depart the Abyss  |     1 |       ||     1
  Use: Scroll            |     8 |     3 ||    11
       Potion            |       |     3 ||     3
  Eat: Chunk             |     2 |     6 ||     8
Armor: Leather armour    |     5 |       ||     5
       Scale mail        |    50 |    99 ||   149
Dodge: Dodged            |    40 |    54 ||    94
Block: Buckler           |       |     5 ||     5
